 Dungeon Crawl Stone Soup version 0.18.1-50-g88ac8fd (webtiles) character file.

137 TheOvate the Skirmisher (level 5, -7/33 HPs)
             Began as a Gargoyle Berserker on Oct 1, 2016.
             Was a Believer of Trog.
             Killed by nerve-wracking pain
             ... invoked by Grinder
              (13 damage)
             ... on level 4 of the Dungeon.
             The game lasted 00:12:56 (1998 turns).

TheOvate the Skirmisher (Gargoyle Berserker)        Turns: 1998, Time: 00:12:58

Health: -7/33      AC: 12    Str: 22    XL:     5   Next: 20%
Magic:  5/5        EV: 17    Int: 12    God:    Trog [**....]
Gold:   115        SH:  0    Dex: 14    Spells: 0 memorised, 4 levels left

rFire  . . .     SeeInvis .     l - +2 dagger (protect)
rCold  . . .     Gourm    .     b - +0 animal skin
rNeg   + . .     Faith    .     (no shield)
rPois  ∞         Spirit   .     (no helmet)
rElec  +         Dismiss  .     (no cloak)
rCorr  .         Reflect  .     i - +0 pair of gloves
SustAt .         Harm     .     (no boots)
MR     .....                    (no amulet)
Stlth  ++........               (no ring)
                                (no ring)

@: brilliant, agile, exhausted, not resistant to hostile enchantments,
unstealthy
A: negative energy resistance 1, electricity resistance, unbreathing,
petrification resistance, rot immunity, AC +4
a: Berserk, Trog's Hand, Burn Spellbooks, Renounce Religion


You were on level 4 of the Dungeon.
You worshipped Trog.
Trog was pleased with you.
You were not hungry.

You visited 1 branch of the dungeon, and saw 4 of its levels.

You collected 115 gold pieces.

Inventory:

Hand Weapons
 a - a +0 mace
 l - a +2 dagger of protection (weapon)
Armour
 b - a +0 animal skin (worn)
 i - a +0 pair of gloves (worn)
Scrolls
 e - a scroll of enchant armour {unknown}
 g - a scroll of magic mapping {unknown}
 m - a scroll of blinking {unknown}
 n - 5 scrolls of identify {unknown}
 r - a scroll of teleportation {unknown}
 s - 3 scrolls of remove curse {unknown}
Potions
 h - a potion of mutation {unknown}
 p - a potion of lignification {unknown}
 q - a potion of haste {unknown}
 t - 2 potions of degeneration {unknown}
Comestibles
 c - 2 bread rations
 f - 3 meat rations
 k - a beef jerky
 o - a royal jelly
 u - a chunk of flesh


   Skills:
 - Level 3.9 Fighting
 * Level 3.0 Short Blades
 - Level 3.5 Maces & Flails
 - Level 2.2 Armour
 - Level 2.0 Dodging


You had 4 spell levels left.
You didn't know any spells.

Dungeon Overview and Level Annotations

Branches:
Dungeon (4/15)
 Temple: D:4-7

Altars:
Elyvilon
Trog

Annotations:
D:4 Grinder


Innate Abilities, Weirdness & Mutations

You are resistant to torment.
Your stone body is resilient (AC +4).
You are immune to poison.
You resist negative energy.
You are resistant to electric shocks.
You can survive without breathing.
You are immune to petrification.
You are immune to rotting.


Message History

You resist with significant effort.
You can move again.
You hit Grinder but do no damage.
Grinder is moderately wounded.
Grinder hits you but does no damage.
You hit Grinder but do no damage.
Grinder is lightly wounded.
Grinder hits you.
* * * LOW HITPOINT WARNING * * *
You barely miss Grinder.
Grinder is lightly wounded.
Grinder misses you.
You hit Grinder.
Grinder is moderately wounded.
You feel yourself speed up.
Grinder says, "Just stop there for a second..."
Grinder barely misses you. Grinder gestures at you.
Pain shoots through your body!
You die...

#.. #.. +?.. .
#..####+### ..
#...#.#.#.#...
#.....?.......
#............
#5#..# #@..#
#.###
.######.#
........#
.########


You could see Grinder.

Vanquished Creatures
  An iguana (D:3)
  An orc wizard (D:3)
  A worker ant (D:4)
  A dart slug (D:2)
  2 giant geckos
  4 orcs (D:3)
  6 bats
  3 giant cockroaches
  4 goblins
  10 hobgoblins
  3 jackals (D:1)
  10 kobolds
  2 giant newts
  A goblin zombie (D:4)
  2 hobgoblin zombies (D:4)
  4 rats
55 creatures vanquished.

Notes
Turn   | Place    | Note
--------------------------------------------------------------
     0 | D:1      | TheOvate the Gargoyle Berserker began the quest for the Orb.
     0 | D:1      | Reached XP level 1. HP: 14/14 MP: 1/1
    44 | D:1      | Reached XP level 2. HP: 10/19 MP: 2/2
   593 | D:2      | Reached XP level 3. HP: 21/24 MP: 3/3
   958 | D:2      | Found a bloodstained altar of Trog.
   987 | D:2      | Reached ** piety under Trog
  1225 | D:3      | Found a white marble altar of Elyvilon.
  1273 | D:3      | Reached skill level 1 in Short Blades
  1273 | D:3      | Reached XP level 4. HP: 29/29 MP: 4/4
  1952 | D:4      | Noticed Grinder
  1972 | D:4      | Reached XP level 5. HP: 33/33 MP: 5/5
  1977 | D:4      | Paralysed by Grinder for 5 turns
  1988 | D:4      | Paralysed by Grinder for 3 turns
  1992 | D:4      | Paralysed by Grinder for 3 turns
  1998 | D:4      | Killed from afar by Grinder

Skill      XL: |  1  2  3  4 |
---------------+-------------+-----
Dodging        | 2 |  2.0
Short Blades   | 1 3 |  3.0
Fighting       | |  3.9
Maces & Flails | |  3.5
Armour         | |  2.2

Action                   |  1- 3 |  4- 6 || total
-------------------------+-------+-------++-------
Melee: Mace              |    44 |       ||    44
       Dagger            |    71 |    70 ||   141
Invok: Berserk           |     2 |     1 ||     3
  Use: Potion            |       |     2 ||     2
  Eat: Chunk             |     2 |       ||     2
       Bread ration      |       |     1 ||     1
Armor: Animal skin       |    49 |    27 ||    76
Dodge: Dodged            |    76 |    47 ||   123
